 Dungeon Crawl Stone Soup version 0.31-a0-590-g8a5a4361df (webtiles) character file.

Game seed: 3737360017603839484

412 Rohain the Magician (level 7, -3/45 HPs)
             Began as a Djinni Fire Elementalist on Aug 19, 2023.
             Slain by an ice beast (16 damage)
             ... on level 5 of the Dungeon.
             The game lasted 00:04:30 (3710 turns).

Rohain the Magician (Djinni Fire Elementalist)      Turns: 3710, Time: 00:04:31

Health: -3/45      AC:  5    Str:  7    XL:     7   Next: 14%
Gold:   133        EV: 14    Int: 18    God:
                   SH:  0    Dex: 14

rFire   + + .        (no weapon)
rCold   x . .        (no shield)
rNeg    . . .        a - +1 robe
rPois   ∞            (no helmet)
rElec   .            r - +0 cloak
rCorr   .            k - +0 pair of gloves
SInv    .            (boots unavailable)
Will    .....        (no amulet)
Stlth   ++           (no ring)
HPRegen 0.27/turn    (no ring)
MPRegen 0.00/turn

%: infuse magic (-4 HP)
@: flying
A: sickness immunity, fire resistance 2, cold vulnerability 1, float, innate
caster, HP casting, extra vitality 1
a: no special abilities


You were on level 5 of the Dungeon.
You visited 1 branch of the dungeon, and saw 5 of its levels.

You collected 163 gold pieces.
You spent 30 gold pieces at shops.

Inventory:

Missiles
 e - a throwing net
Armour
 a - a +1 robe (worn)
 k - a +0 pair of gloves (worn)
 p - an orb of guile
 r - a +0 cloak (worn)
 u - the -1 helmet of Gravity {rF+}
   (You found it on level 5 of the Dungeon)

   rF+:       It protects you from fire.
Jewellery
 f - a ring of ice
 g - an amulet of faith
 s - a ring of positive energy
Wands
 c - a wand of mindburst (21)
Scrolls
 h - a scroll of vulnerability
 q - 3 scrolls of identify
 t - a scroll of teleportation
Potions
 b - 2 potions of curing
 d - a potion of degeneration {unknown}
 i - 2 potions of heal wounds
 j - a potion of haste {unknown}
 l - 2 potions of enlightenment
 m - a potion of resistance {unknown}
 n - 2 potions of might {unknown}
 o - a potion of brilliance {unknown}


   Skills:
 + Level 4.8 Dodging
 - Level 1.5 Stealth
 * Level 5.1 Spellcasting
 * Level 5.1 Conjurations
 * Level 5.1 Hexes
   Level 0.0 Charms
 * Level 5.1 Summonings
 * Level 5.1 Necromancy
 * Level 5.1 Translocations
 * Level 5.1 Transmutations
 * Level 5.1 Fire Magic
 * Level 5.1 Ice Magic
 * Level 5.1 Air Magic
 * Level 5.1 Earth Magic
 * Level 5.1 Poison Magic


You knew the following spells:

 Your Spells              Type           Power      Damage    Failure   Level
a - Foxfire               Conj/Fire      92%        2x1d8     1%          1
b - Scorch                Fire           46%        2d6       2%          2
c - Volatile Blastmotes   Fire/Tloc      46%        2d13      4%          3
d - Inner Flame           Hex/Fire       23%        N/A       4%          3
e - Flame Wave            Conj/Fire      23%        2d8       16%         4
f - Sandblast             Erth           46%        2d11      1%          1
g - Passwall              Tmut/Erth      19%        N/A       2%          2
h - Ozocubu's Armour      Ice            23%        N/A       4%          3
Your spell library was empty.

Dungeon Overview and Level Annotations

Branches:
Dungeon (5/15)
 Temple: D:4-7

Altars:
Fedhas
Gozag
Nemelex Xobeh
Okawaru
Wu Jian

Shops:
D:2 (   D:4 !


Innate Abilities, Weirdness & Mutations

You are immune to sickness and miasma.
You are immune to poison.
Your flesh is very heat resistant. (rF++)
You are vulnerable to cold. (rC-)
You float through the air rather than walking.
You learn spells naturally, not from books.
Your magical power is your life essence.
You have superior vitality. (+4 MHP)


Message History

The ice beast's fire resistance burns away.
Casting: Scorch (safe; 2% risk of failure)
Confirm with . or Enter, or press ? or * to list all spells.
Flames lash the ice beast.
The ice beast melts!
The ice beast is lightly wounded.
* * * LOW HITPOINT WARNING * * *
The ice beast barely misses you.
Unknown command.
As you read the scroll of fear, it crumbles to dust.
You assume a fearsome visage.
The ice beast looks frightened!
You hear the rusting of a distant drain.
h - a scroll of vulnerability
Found a stone staircase leading down.
Found 11 gold pieces.
Casting: Scorch (safe; 2% risk of failure)
Confirm with . or Enter, or press ? or * to list all spells.
You can't see any susceptible monsters within range! (Use Z to cast anyway.)
Casting: Scorch (safe; 2% risk of failure)
Confirm with . or Enter, or press ? or * to list all spells.
You conjure some foxfire!
The foxfire hits the ice beast.
The ice beast melts!
The ice beast is moderately wounded.
The foxfire hits the ice beast.
The ice beast melts!
The ice beast is heavily wounded.
Casting: Foxfire (safe; 1% risk of failure)
Confirm with . or Enter, or press ? or * to list all spells.
Flames lash the ice beast.
The ice beast melts!
The ice beast is severely wounded.
The ice beast's fire resistance burns away.
Casting: Scorch (safe; 2% risk of failure)
Confirm with . or Enter, or press ? or * to list all spells.
Flames lash the ice beast.
The ice beast is severely wounded.
The ice beast attacks as you move away! The ice beast barely misses you.
Casting: Scorch (safe; 2% risk of failure)
Confirm with . or Enter, or press ? or * to list all spells.
You conjure some foxfire!
The ice beast hits you.
* * * LOW HITPOINT WARNING * * *
The ice beast freezes you!
You feel a terrible chill!
You die...

# #......~≈≈~.. ##
#.....~~≈≈~..
.#########
#.....~P~≈≈~.
..........
#.....~~~≈≈..
...#####.#
#.......~≈≈.. ...###
#.# #.......~≈≈P.
...#.###.###....v~P≈≈≈#
.........##....>@.#
####.....###...vY.#
#.###.#####....#
#.............##
###.........#.#
###.#.#####.# #.#.# #.#
###.#.#####.#
#...........#


You could see an ice beast (combustible, ally target).

Vanquished Creatures
  A water moccasin (D:5)
  A phantom (D:5)
  An iguana (D:4)
  Ijyb (D:3)
  11 adders
  A worm (D:3)
  4 dart slugs
  An orc (D:3)
  9 endoplasms
  4 giant cockroaches
  4 goblins
  5 hobgoblins
  8 kobolds
  6 quokkas
  6 ball pythons
  8 frilled lizards
  4 rats
75 creatures vanquished.

Vanquished Creatures (others)
  343 foxfires
343 creatures vanquished.

Grand Total: 418 creatures vanquished

Notes
Turn   | Place    | Note
-------+----------+-------------------------------------------
     0 | D:1      | Rohain the Djinni Fire Elementalist began the quest for the
                  | Orb.
     0 | D:1      | Rohain set off with the following spells memorised:
                  | Foxfire, Scorch, Volatile Blastmotes, Inner Flame, Flame
                  | Wave.
     0 | D:1      | Reached XP level 1. HP: 15/15 MP: 0/0
   226 | D:1      | Reached XP level 2. HP: 17/21 MP: 0/0
   907 | D:2      | Reached XP level 3. HP: 21/25 MP: 0/0
   907 | D:2      | Learned a level 1 spell: Sandblast
   977 | D:2      | Reached XP level 4. HP: 24/31 MP: 0/0
  1010 | D:2      | Found Idivvie's Antique Weapon Emporium.
  1403 | D:2      | Reached XP level 5. HP: 21/35 MP: 0/0
  1403 | D:2      | Learned a level 2 spell: Passwall
  1573 | D:3      | Noticed Ijyb
  1577 | D:3      | Killed Ijyb
  1778 | D:3      | Found an ornate altar of the Wu Jian Council.
  2161 | D:3      | Found a blossoming altar of Fedhas.
  2576 | D:4      | Reached XP level 6. HP: 19/40 MP: 0/0
  2936 | D:4      | Found an iron altar of Okawaru.
  3024 | D:4      | Found Imotim's Distillery.
  3053 | D:4      | Bought a potion of curing for 30 gold pieces
  3065 | D:4      | Found a sparkling altar of Nemelex Xobeh.
  3065 | D:4      | Found an opulent altar of Gozag.
  3479 | D:5      | Entered Level 5 of the Dungeon
  3640 | D:5      | Noticed a water moccasin
  3648 | D:5      | Killed a water moccasin
  3657 | D:5      | Reached skill level 5 in Spellcasting
  3657 | D:5      | Reached skill level 5 in Conjurations
  3657 | D:5      | Reached skill level 5 in Hexes
  3657 | D:5      | Reached skill level 5 in Summonings
  3657 | D:5      | Reached skill level 5 in Necromancy
  3657 | D:5      | Reached skill level 5 in Translocations
  3657 | D:5      | Reached skill level 5 in Transmutations
  3657 | D:5      | Reached skill level 5 in Fire Magic
  3657 | D:5      | Reached skill level 5 in Ice Magic
  3657 | D:5      | Reached skill level 5 in Air Magic
  3657 | D:5      | Reached skill level 5 in Earth Magic
  3657 | D:5      | Reached skill level 5 in Poison Magic
  3657 | D:5      | Reached XP level 7. HP: 12/45 MP: 0/0
  3657 | D:5      | Learned a level 3 spell: Ozocubu's Armour
  3672 | D:5      | Identified the -1 helmet of Gravity {rF+}
  3710 | D:5      | Slain by an ice beast

Illustrated notes

Levels and vault maps discovered:
D:1:      minmay_arrival_hallway, layout_basic, serial_park_tiny_pond
D:2:      layout_rooms, serial_shops, shop, hangedman_glass_teeth,
          minmay_lizard_pond
D:3:      layout_loops_ring, fedhas_altar_fruit_tree, nzn_wu_jian_contemplation,
          uniq_ijyb
D:4:      layout_basic, grunt_temple_overflow_opulence,
          okawaru_ov_weapons_minmay, serial_shops, shop
D:5:      layout_basic, mainiacjoe_overflow_boulevard, gup_sewer_entry_spiral,
          hangedman_decor_points, minmay_misc_feat_chi, chequers_big_river,
          minmay_misc_feat_rugged, nicolae_twisty_statue_hallways,
          uniq_eustachio, uniq_prince_ribbit1

Skill      XL: |  1  2  3  4  5  6 |
---------------+-------------------+-----
Spellcasting   | 4 5 |  5.1
Conjurations   | 4 5 |  5.1
Hexes          | 4 5 |  5.1
Summonings     | 4 5 |  5.1
Necromancy     | 4 5 |  5.1
Translocations | 4 5 |  5.1
Transmutations | 4 5 |  5.1
Fire Magic     | 4 5 |  5.1
Ice Magic      | 4 5 |  5.1
Air Magic      | 4 5 |  5.1
Earth Magic    | 4 5 |  5.1
Poison Magic   | 4 5 |  5.1
Dodging        | 3 4 |  4.8
Stealth        | |  1.5

Action                     |  1- 3 |  4- 6 |  7- 9 || total
---------------------------+-------+-------+-------++-------
   Cast: Foxfire           |    67 |   130 |     2 ||   199
         Scorch            |       |    25 |     4 ||    29
    Use: Scroll            |     2 |     6 |     1 ||     9
         Potion            |       |     1 |       ||     1
 Armour: Robe              |       |     6 |       ||     6
  Dodge: Dodged            |       |    15 |     2 ||    17

Table legend: (Time is in decaauts)
 A = Elapsed time spent in this place.
 B = Non-inter-level travel time spent in this place.
 C = Inter-level travel time spent in this place.
 D = Time resting spent in this place.
 E = Time spent auto-exploring this place.
 F = Levels seen in this place.
 G = Mean time per level.
                   A        B        C        D        E       F      G
               +--------+--------+--------+--------+--------+-----+--------+
         Total |   3708 |   3597 |    111 |      0 |   3068 |   5 |  741.6 |
       Dungeon |   3708 |   3597 |    111 |      0 |   3068 |   5 |  741.6 |
               +--------+--------+--------+--------+--------+-----+--------+

Top non-repeatable levels by time:
     D:4: 1059 daAuts
     D:3: 845 daAuts
     D:1: 823 daAuts
     D:2: 749 daAuts
     D:5: 230 daAuts
